 Seeded DCSS version 0.30.1-11-g7821555f0a (webtiles) character file.

Game seed: 6351066067085065685 (custom seed)

75277 Esekla the Eclecticist (level 15, -3/89 HPs)
             Began as a Deep Elf Wanderer on Oct 28, 2023.
             Was a High Priest of Vehumet.
             Slain by a +1 heavy scimitar (15 damage)
             ... on level 1 of the Elven Halls.
             The game lasted 02:37:51 (18633 turns).

Esekla the Eclecticist (Deep Elf Wanderer)         Turns: 18633, Time: 02:37:51

Health: -3/89      AC: 17    Str:  9    XL:     15   Next: 9%
Magic:  27/39      EV: 14    Int: 29    God:    Vehumet [*****.]
Gold:   1042       SH:  4    Dex: 11    Spells: 16/51 levels left

rFire   . . .        f - +4 scimitar (flame)
rCold   . . .        d - +0 buckler
rNeg    + . .        I - +0 troll leather armour
rPois   +            Y - +2 helmet {Int+3}
rElec   +            R - +0 cloak of Time Monsters {Stlth+}
rCorr   .            k - +0 pair of gloves
SInv    .            O - +2 pair of boots {rampage}
Will    +....        A - amulet of magic regeneration
Stlth   +++          T - ring of Greed {rElec rPois rN+ AC+4 Str-2}
HPRegen 1.14/turn    Q - ring of the Mage {Wiz Archmagi}
MPRegen 0.66/turn

%: rampage, wizardry (x1), archmagi
@: wereblooded, studying Fighting
A: no striking features
a: Renounce Religion


You were on level 1 of the Elven Halls.
You worshipped Vehumet.
Vehumet was extremely pleased with you.
You visited 4 branches of the dungeon, and saw 20 of its levels.
You also visited: Trove and Bailey.

You collected 3084 gold pieces.
You spent 2042 gold pieces at shops.

Inventory:

Hand Weapons
 a - a +2 vampiric dagger
 c - a +5 scimitar
 f - a +4 scimitar of flaming (weapon)
 r - a +4 trident of venom
 s - the +5 rapier of the Hero {heavy, rN+ Dex+3}
   (You found it on level 3 of the Dungeon)

   Dex:       It affects your dexterity (+3).
   rN:        It protects you from negative energy.
Missiles
 q - 13 boomerangs (quivered)
 w - 59 poisoned darts
 K - 6 curare-tipped darts
Armour
 d - a +0 buckler (worn)
 k - a +0 pair of gloves (worn)
 I - a +0 troll leather armour (worn)
 O - a +2 pair of boots of rampaging (worn)
 R - the +0 cloak of Time Monsters (worn) {Stlth+}
   (You found it in a treasure trove)

   Stlth:     It makes you more stealthy.
 X - a +2 robe of cold resistance
 Y - a +2 helmet of intelligence (worn)
Jewellery
 l - a ring of ice
 A - an amulet of magic regeneration (around neck)
 C - an amulet of reflection
 E - the ring "Edamun" {rF+ Will+ Str+3 Dex+2 Slay+2}
   (You found it in a treasure trove)

   [ring of willpower]

   Str:       It affects your strength (+3).
   Dex:       It affects your dexterity (+2).
   Slay:      It affects your accuracy & damage with ranged weapons and melee
   (+2).
   rF:        It protects you from fire.
   Will:      It increases your willpower.
 Q - the ring of the Mage (right hand) {Wiz Archmagi}
   (You bought it in a shop on level 2 of the Dungeon)

   [ring of wizardry]

   It improves your spell success rate.
   Archmagi:  It increases the power of your magical spells.
 T - the ring of Greed (left hand) {rElec rPois rN+ AC+4 Str-2}
   (You bought it in a shop on level 2 of the Dungeon)

   [ring of protection]

   AC:        It affects your AC (+4).
   Str:       It affects your strength (-2).
   rElec:     It insulates you from electricity.
   rPois:     It protects you from poison.
   rN:        It protects you from negative energy.
Wands
 x - a wand of roots (22)
 B - a wand of flame (23)
 D - a wand of digging (9)
 G - a wand of mindburst (9)
 V - a wand of quicksilver (3)
Scrolls
 n - 4 scrolls of enchant weapon
 o - 2 scrolls of amnesia
 t - 5 scrolls of blinking
 v - 3 scrolls of fog
 y - 2 scrolls of silence
 z - 2 scrolls of magic mapping
 F - 2 scrolls of poison
 H - 6 scrolls of teleportation
 N - 3 scrolls of acquirement
 P - a scroll of fear
 U - a scroll of identify
Potions
 b - 4 potions of lignification
 e - 3 potions of ambrosia
 g - a potion of cancellation
 h - 2 potions of magic {unknown}
 i - 8 potions of curing
 j - 5 potions of haste
 m - 2 potions of mutation
 p - a potion of might
 u - 6 potions of brilliance
 J - 3 potions of flight
 S - 7 potions of attraction
 W - a potion of resistance {unknown}


   Skills:
 * Level 8.5 Fighting
 * Level 5.4 Short Blades
 + Level 0.8 Throwing
 * Level 5.1 Armour
 * Level 9.7 Dodging
 + Level 4.1 Stealth
 + Level 2.5 Shields
 * Level 18.5 Spellcasting
 + Level 5.5 Conjurations
 * Level 10.5 Necromancy
 + Level 4.1 Translocations
 - Level 3.1 Transmutations
 + Level 6.8 Fire Magic
 * Level 6.6 Ice Magic
 * Level 8.1 Air Magic
 * Level 6.8 Earth Magic
 + Level 7.2 Poison Magic
 + Level 1.0 Invocations
 + Level 0.2 Evocations


You had 16 spell levels left.
You knew the following spells:

 Your Spells              Type           Power      Damage    Failure   Level
a - Magic Dart            Conj           100%       1d8       1%          1
b - Blink                 Tloc           100%       N/A       1%          2
c - Mephitic Cloud        Conj/Pois/Air  79%        N/A       1%          3
d - Vampiric Draining     Necr           93%        2d12      1%          3
f - Fireball              Conj/Fire      38%        3d16      1%          5
n - Ignite Poison         Fire/Tmut/Pois 74%        N/A       1%          3
p - Apportation           Tloc           100%       N/A       1%          1
v - Poisonous Vapours     Pois/Air       100%       N/A       1%          2
w - Wereblood             Tmut           61%        N/A       1%          2
x - Olgreb's Toxic Radia  Pois           80%        N/A       1%          4
y - Sticky Flame          Conj/Fire      76%        2d9       1%          4
z - Freezing Cloud        Conj/Ice/Air   39%        6-21      1%          5

Your spell library contained the following spells:

 Spells                   Type           Power      Damage    Failure   Level
 Yara's Violent Unravell  Hex/Tmut       26%        3d11      5%          5
 Foxfire                  Conj/Fire      100%       2x1d9     1%          1
 Sting                    Tmut/Pois      100%       1d8       1%          1
 Lesser Beckoning         Tloc           100%       N/A       1%          2
 Sublimation of Blood     Necr           93%        N/A       1%          2
 Dazzling Flash           Conj/Hex       100%       N/A       1%          3
 Gell's Gravitas          Tloc           67%        N/A       1%          3
 Hailstorm                Conj/Ice       75%        3d15      1%          3
 Portal Projectile        Hex/Tloc       100%       N/A       1%          3
 Spider Form              Tmut/Pois      71%        N/A       1%          3
 Teleport Other           Tloc           67%        N/A       1%          3
 Vhi's Electric Charge    Tloc/Air       100%       N/A       1%          3
 Agony                    Necr           93%        N/A       1%          5
 Manifold Assault         Tloc           67%        N/A       2%          4
 Passage of Golubria      Tloc           67%        N/A       2%          4
 Plasma Beam              Fire/Air       40%        2x1d59    2%          6
 Summon Ice Beast         Ice/Summ       62%        N/A       3%          4
 Starburst                Conj/Fire      38%        6d11      4%          6
 Silence                  Hex/Air        33%        N/A       7%          5
 Cause Fear               Hex            20%        N/A       13%         4
 Summon Mana Viper        Hex/Summ       40%        N/A       32%         5
 Dispersal                Tloc           33%        N/A       32%         6
 Ignition                 Fire           39%        3d12      71%         8
 Lehudib's Crystal Spear  Conj/Erth      38%        10d9      78%         8
 Summon Hydra             Summ           20%        N/A       100%        7
 Disjunction              Tloc           33%        N/A       100%        8


Dungeon Overview and Level Annotations

Branches:
Dungeon (12/15)            Temple (0/1) D:6            Lair (5/5) D:11
 Shoals (0/4) Lair:2       Spider (0/4) Lair:3        Slime (0/5) Lair:5
    Orc (2/2) D:10            Elf (1/3) Orc:2        Bailey (visited)

Altars:
Dithmenos
Fedhas
Hepliaklqana
Nemelex Xobeh
Okawaru
Qazlal
Ru
Trog
Uskayaw
Vehumet
Zin
The Shining One
Jiyva

Shops:
D:2 =   D:4 (   D:11 *   Orc:2 **[:

Portals:
Pandemonium: Orc:2

Annotations:
D:11 earth elemental


Message History

Unknown command.
You barely miss the +1 heavy scimitar.
The +1 heavy scimitar is severely damaged.
The +1 heavy scimitar hits you!
* * * LOW HITPOINT WARNING * * *
The deep elf archer unwields a +0 dagger.
The deep elf archer wields a +0 longbow.
The deep elf archer shoots an arrow.
The arrow barely misses you.
Casting: Ignite Poison (safe; 1% risk of failure)
Confirm with . or Enter, or press ? or * to list all spells.
You feel a surge of power!
You blink.
Found 8 stones.
Casting: Blink (safe; 1% risk of failure)
Confirm with . or Enter, or press ? or * to list all spells.
Aiming: Fireball (dangerous; 1% risk of failure)
Press: ? - help, Shift-Dir - straight line, f - +1 heavy scimitar
Aim: a +1 heavy scimitar (severely damaged)
You feel a surge of power!
The fireball explodes!
The fireball engulfs the +1 heavy scimitar.
The +1 heavy scimitar resists.
The +1 heavy scimitar is severely damaged.
You howl as the wereblood boils in your veins!
Casting: Fireball (dangerous; 1% risk of failure)
Confirm with . or Enter, or press ? or * to list all spells.
Aiming: Fireball (dangerous; 1% risk of failure)
Press: ? - help, Shift-Dir - straight line, f/p - +1 heavy scimitar
Aim: a +1 heavy scimitar (severely damaged)
You feel a surge of power!
The fireball explodes!
The fireball engulfs the +1 heavy scimitar.
The +1 heavy scimitar resists.
The +1 heavy scimitar is almost destroyed.
You hear a shout!
Unknown command.
Casting: Fireball (dangerous; 1% risk of failure)
Confirm with . or Enter, or press ? or * to list all spells.
You feel a surge of power!
You blink.
A salamander comes into view.
You closely miss the +1 heavy scimitar.
The +1 heavy scimitar is severely damaged.
The +1 heavy scimitar hits you!
You die...

. #..⌠..# #.....#
##.)...##
#######'##########
....#[....#...§..#####..
.e).#..)..#..[.......N..
.⌠..).....'..§.(@.......
....#..<.)#.$.....(.....
....#..)..#......###....
#######'########## ...
##...).## . #.....#
#..⌠..# #.....# #.....#


You could see a salamander and a +1 heavy scimitar.

Vanquished Creatures
  Rupert (Lair:4)
  2 orc warlords
  Azrael (Orc:2)
  A deep elf annihilator (Elf:1)
  2 fire dragons (Lair:5)
  Harold (D:9)
  2 boulder beetles (Lair:2)
  3 hydras
  A catoblepas (Lair:5)
  3 two-headed ogres
  2 orc high priests (Orc:2)
  Lodul (D:11)
  A skyshark (Lair:4)
  Pikel (D:6)
  A swamp dragon (Lair:5)
  2 lindwurms (Lair:5)
  An oklob plant (Lair:5)
  2 deep elf zephyrmancers (Elf:1)
  5 deep elf pyromancers (Elf:1)
  An ugly thing (D:12)
  8 orc knights
  7 cyclopes
  8 orc sorcerers (Orc:2)
  9 elephants (Lair:5)
  A merfolk siren (Lair:2)
  2 black mambas
  6 torpor snails
  2 gargoyles
  A smoke demon (Orc:2)
  11 cane toads
  Psyche (D:11)
  3 rime drakes
  14 komodo dragons
  A kobold demonologist (D:9)
  A red devil (Orc:2)
  2 merfolk (Lair:2)
  A polar bear (D:11)
  7 trolls
  3 tyrant leeches (Lair:5)
  9 hornets
  5 blink frogs (Lair:1)
  4 centaur simulacra (D:11)
  A vampire (D:12)
  A culicivora (Lair:3)
  A wraith (D:12)
  32 yaks
  12 spriggans (Lair:3)
  5 basilisks
  3 fire elementals (Orc:2)
  3 steam dragons
  5 wyverns
  Menkaure (D:7)
  3 wargs
  4 hell hounds (Orc:2)
  2 acid dragons (Lair:5)
  6 ice beasts
  14 water moccasins
  2 swamp drakes (Lair:5)
  A sky beast (D:6)
  43 orc warriors
  2 black bears
  18 ogres
  2 centaurs
  3 boggarts (Lair:3)
  12 wolves
  A phantom (D:7)
  A lemure (D:7)
  Blork the orc (D:6)
  4 kobold brigands
  4 gnoll sergeants
  10 bullfrogs
  3 scorpions
  10 wights
  21 killer bees
  2 howler monkeys (D:10)
  An electric eel (D:11)
  2 quasits (D:8)
  3 gnoll boudas
  5 hounds
  A jelly (D:6)
  Crazy Yiuf (D:7)
  32 orc priests
  A sleepcap (D:5)
  7 iguanas
  12 hell rats
  14 orc wizards
  34 gnolls
  9 adders
  3 shadow imps (D:8)
  9 white imps
  4 ufetubi
  A worm (D:4)
  3 dart slugs
  95 orcs
  4 endoplasms
  9 goblins
  7 hobgoblins
  A quokka (D:1)
  6 ball pythons
  4 bats
  4 frilled lizards
  21 kobolds
  A rat (D:2)
  A butterfly (Lair:4)
668 creatures vanquished.

Vanquished Creatures (others)
  A demonspawn (Orc:2)
  An orc high priest (Orc:2)
  An orc sorcerer (Orc:2)
  A chaos spawn (Orc:2)
4 creatures vanquished.

Grand Total: 672 creatures vanquished

Notes
Turn   | Place    | Note
-------+----------+-------------------------------------------
     0 | D:1      | Esekla the Deep Elf Wanderer began the quest for the Orb.
     0 | D:1      | Esekla set off with the following items: a +0 club, a
                  | potion of lignification, a +0 robe, a +0 buckler; and the
                  | following spells available to memorise: Apportation, Blink,
                  | Lesser Beckoning, Magic Dart, Ignite Poison, Vampiric
                  | Draining.
     0 | D:1      | Reached XP level 1. HP: 10/10 MP: 7/7
     2 | D:1      | Learned a level 1 spell: Magic Dart
     4 | D:1      | Learned a level 1 spell: Apportation
   255 | D:2      | Found Renulab's Jewellery Shop.
   435 | D:4      | Found a radiant altar of Vehumet.
   439 | D:4      | Became a worshipper of Vehumet
   462 | D:4      | Found an iron altar of Okawaru.
   475 | D:4      | Found a glowing silver altar of Zin.
   566 | D:4      | Found Ponaysk's Antique Weapon Boutique.
   804 | D:3      | Reached XP level 2. HP: 15/15 MP: 6/9
   810 | D:3      | Learned a level 2 spell: Blink
   858 | D:3      | Reached skill level 5 in Spellcasting
  1148 | D:3      | Identified the +5 rapier of the Hero {heavy, rN+ Dex+3}
                  | (You found it on level 3 of the Dungeon)
  1343 | D:1      | Reached XP level 3. HP: 15/19 MP: 9/11
  1349 | D:1      | Learned a level 3 spell: Vampiric Draining
  1394 | D:1      | Reached skill level 1 in Conjurations
  1398 | D:1      | Reached * piety under Vehumet
  1398 | D:1      | Offered knowledge of Freeze by Vehumet.
  1444 | D:1      | Reached skill level 1 in Necromancy
  1893 | D:2      | Reached XP level 4. HP: 24/24 MP: 10/13
  2024 | D:2      | Reached skill level 6 in Spellcasting
  2050 | D:2      | Noticed a black bear
  2277 | D:2      | Found a faded altar of an unknown god.
  2369 | D:2      | Killed a black bear
  2370 | D:2      | Reached skill level 1 in Armour
  2370 | D:2      | Reached skill level 1 in Dodging
  2370 | D:2      | Reached XP level 5. HP: 28/28 MP: 13/16
  2581 | D:3      | Found a stormy altar of Qazlal.
  2596 | D:3      | Reached skill level 1 in Short Blades
  2625 | D:3      | Found a bloodstained altar of Trog.
  2628 | D:3      | Found a hazy altar of Hepliaklqana.
  2903 | D:5      | Entered Level 5 of the Dungeon
  2922 | D:5      | Got the Parchment of the Lumpy Olives
  3032 | D:5      | Found a shadowy altar of Dithmenos.
  3063 | D:5      | Reached XP level 6. HP: 32/32 MP: 17/17
  3126 | D:5      | Reached skill level 7 in Spellcasting
  3185 | D:5      | Offered knowledge of Poisonous Vapours by Vehumet.
  3189 | D:5      | Learned a level 2 spell: Poisonous Vapours
  3193 | D:5      | Learned a level 3 spell: Ignite Poison
  3283 | D:5      | Reached ** piety under Vehumet
  3348 | D:4      | Reached skill level 1 in Poison Magic
  3477 | D:4      | Found a glowing golden altar of the Shining One.
  3524 | D:4      | Reached XP level 7. HP: 36/36 MP: 6/20
  3615 | D:5      | Reached skill level 8 in Spellcasting
  3873 | D:5      | Reached skill level 1 in Fire Magic
  4135 | D:6      | Found a blossoming altar of Fedhas.
  4139 | D:6      | Reached skill level 1 in Air Magic
  4145 | D:6      | Reached skill level 1 in Transmutations
  4145 | D:6      | Reached XP level 8. HP: 38/41 MP: 8/22
  4256 | D:6      | Reached skill level 9 in Spellcasting
  4336 | D:6      | Noticed Pikel
  4350 | D:7      | HP: 2/41 [lemure[Pikel] (7)]
  4362 | D:7      | Found a runed translucent door.
  4363 | D:7      | Noticed Crazy Yiuf
  4492 | D:7      | Killed Crazy Yiuf
  4492 | D:7      | Offered knowledge of Stone Arrow by Vehumet.
  4751 | D:7      | Noticed Menkaure
  4759 | D:7      | Killed Menkaure
  4759 | D:7      | Reached *** piety under Vehumet
  4856 | D:7      | Reached skill level 10 in Spellcasting
  5003 | D:6      | Killed Pikel
  5003 | D:6      | Offered knowledge of Sticky Flame by Vehumet.
  5004 | D:6      | Reached skill level 5 in Necromancy
  5004 | D:6      | Reached XP level 9. HP: 42/45 MP: 15/25
  5009 | D:6      | Learned a level 4 spell: Sticky Flame
  5040 | D:6      | Found a staircase to the Ecumenical Temple.
  5464 | D:6      | Noticed Blork the orc
  5477 | D:6      | Killed Blork the orc
  5997 | D:8      | Noticed a two-headed ogre
  6240 | D:8      | Reached **** piety under Vehumet
  6262 | D:8      | Reached skill level 11 in Spellcasting
  6357 | D:8      | Killed a two-headed ogre
  6412 | D:8      | Offered knowledge of Iskenderun's Battlesphere by Vehumet.
  6506 | D:8      | Found a hide-covered altar of Uskayaw.
  6660 | D:8      | Found a transporter.
  6662 | D:8      | Found a transporter.
  6678 | D:8      | Found a transporter.
  6679 | D:8      | Found a transporter.
  6872 | D:8      | Reached skill level 5 in Dodging
  6876 | D:8      | Reached XP level 10. HP: 50/50 MP: 22/27
  6887 | D:8      | Reached skill level 12 in Spellcasting
  7214 | D:9      | Found a flagged portal.
  7256 | Bailey   | Entered a bailey
  7451 | Bailey   | Identified the +2 bardiche of Puhoisos {heavy, rElec
                  | Stlth+}
  7455 | Bailey   | Noticed an orc knight
  7455 | Bailey   | Noticed an orc knight
  7477 | Bailey   | Killed an orc knight
  7492 | Bailey   | Killed an orc knight
  7703 | D:9      | Reached ***** piety under Vehumet
  7722 | D:9      | Noticed a two-headed ogre
  7725 | D:9      | Killed a two-headed ogre
  7831 | D:9      | Found a sparkling altar of Nemelex Xobeh.
  7871 | D:9      | Noticed Harold
  7923 | D:9      | Reached skill level 1 in Fighting
  7923 | D:9      | Reached skill level 1 in Earth Magic
  7926 | D:9      | Offered knowledge of Eringya's Noxious Bog by Vehumet.
  7997 | D:9      | Reached skill level 13 in Spellcasting
  8082 | D:9      | Noticed a cyclops
  8141 | D:9      | Killed a cyclops
  8201 | D:9      | Reached XP level 11. HP: 49/56 MP: 21/30
  8430 | D:10     | Entered Level 10 of the Dungeon
  8705 | D:10     | Found a staircase to the Orcish Mines.
  8729 | D:10     | Reached skill level 5 in Air Magic
  8799 | Orc:1    | Entered Level 1 of the Orcish Mines
  8800 | Orc:1    | Noticed an orc knight
  8807 | Orc:1    | Killed an orc knight
  8970 | D:10     | Found a sacrificial altar of Ru.
  9150 | D:11     | Found a staircase to the Lair.
  9155 | D:11     | Reached skill level 5 in Poison Magic
  9167 | D:11     | Reached skill level 14 in Spellcasting
  9230 | D:11     | Reached skill level 5 in Fire Magic
  9337 | D:12     | Learned a level 2 spell: Wereblood
  9403 | D:11     | Offered knowledge of Arcjolt by Vehumet.
  9424 | D:11     | Noticed Lodul
  9427 | D:11     | Killed Lodul
  9428 | D:11     | Reached skill level 5 in Conjurations
  9810 | D:2      | Bought the ring of the Mage {Wiz Archmagi} for 714 gold
                  | pieces
  9810 | D:2      | Found the ring of the Mage {Wiz Archmagi}
 10085 | D:12     | Found a portal to a secret trove of treasure.
 10240 | D:12     | Noticed a red ugly thing
 10330 | D:11     | Learned a level 5 spell: Fireball
 10334 | D:11     | Got Simple Magic
 10384 | D:11     | Found Fagafuf's Pet Rocks.
 10398 | D:11     | Reached XP level 12. HP: 31/66 MP: 32/32
 10567 | D:12     | Learned a level 3 spell: Mephitic Cloud
 10573 | D:12     | Learned a level 5 spell: Freezing Cloud
 10601 | Trove    | Entered a treasure trove
 10612 | Trove    | Identified the +0 cloak of Time Monsters {Stlth+}
 10627 | Trove    | Identified the ring "Edamun" {rF+ Will+ Str+3 Dex+2 Slay+2}
 10638 | Trove    | Identified the +1 flail "Jovap" {freeze, rElec Dex+5}
 10639 | Trove    | Identified the +3 ring mail "Poady" {+Inv rF+ Dex+2 Slay-4}
 10691 | D:12     | Reached skill level 1 in Ice Magic
 11009 | D:11     | Noticed Psyche
 11009 | D:11     | Noticed a two-headed ogre
 11016 | D:11     | Killed Psyche
 11017 | D:11     | Reached skill level 15 in Spellcasting
 11018 | D:11     | Killed a two-headed ogre
 11232 | Lair:1   | Entered Level 1 of the Lair of Beasts
 12206 | D:2      | Bought the ring of Greed {rElec rPois rN+ AC+4 Str-2} for
                  | 758 gold pieces
 12827 | D:9      | Killed Harold
 13032 | Lair:2   | Reached skill level 5 in Fighting
 13202 | Lair:2   | Reached skill level 5 in Earth Magic
 13546 | Lair:2   | Found a transporter.
 13548 | Lair:2   | Found a transporter.
 13548 | Lair:2   | Noticed a boulder beetle
 13552 | Lair:2   | Noticed a boulder beetle
 13568 | Lair:2   | Killed a boulder beetle
 13569 | Lair:2   | Reached XP level 13. HP: 43/74 MP: 13/34
 13636 | Lair:2   | Found a staircase to the Shoals.
 13641 | Lair:2   | Reached skill level 16 in Spellcasting
 14236 | Lair:3   | Found a hole to the Spider Nest.
 14288 | Lair:3   | Identified the +3 leather armour of Okawaru's Inspiration
                  | {Str+4}
 15178 | Lair:4   | Noticed Rupert
 15429 | Lair:4   | Killed Rupert
 15687 | Lair:5   | Entered Level 5 of the Lair of Beasts
 15705 | Lair:5   | Reached skill level 17 in Spellcasting
 15934 | Lair:5   | Reached XP level 14. HP: 82/82 MP: 17/37
 16050 | Lair:5   | Found a viscous altar of Jiyva.
 16050 | Lair:5   | Found a staircase to the Slime Pits.
 16103 | Lair:5   | Found a runed translucent door.
 16157 | Lair:5   | Reached skill level 5 in Ice Magic
 16647 | Lair:5   | Reached skill level 10 in Necromancy
 16671 | Lair:5   | Got Utragud's Papyrus of the Inquisitive Olives
 17327 | Orc:2    | Entered Level 2 of the Orcish Mines
 17441 | Orc:2    | Reached skill level 5 in Short Blades
 17543 | Orc:2    | Found Roezostra's General Store.
 17550 | Orc:2    | Found Bamnuus's General Store.
 17562 | Orc:2    | Reached skill level 18 in Spellcasting
 17624 | Orc:2    | Offered knowledge of Iron Shot by Vehumet.
 17640 | Orc:2    | Noticed an orc warlord
 17655 | Orc:2    | Killed an orc warlord
 17724 | Orc:2    | Found a staircase to the Elven Halls.
 17986 | Orc:2    | Noticed Azrael
 17994 | Orc:2    | Killed Azrael
 18049 | Orc:2    | Paralysed by an orc sorcerer for 3 turns
 18086 | Orc:2    | Reached skill level 5 in Armour
 18132 | Orc:2    | Found Jyohez's Book Shop.
 18132 | Orc:2    | Found Huzal's Antique Armour Boutique.
 18133 | Orc:2    | Found a one-way gate leading to the halls of Pandemonium.
 18135 | Orc:2    | Bought a Young Poisoner's Handbook for 300 gold pieces
 18137 | Orc:2    | Bought a runed helmet for 270 gold pieces
 18304 | Orc:2    | Learned a level 4 spell: Olgreb's Toxic Radiance
 18314 | Orc:1    | Offered knowledge of Yara's Violent Unravelling by Vehumet.
 18329 | Orc:1    | Noticed an orc warlord
 18334 | Orc:1    | Killed an orc warlord
 18601 | Elf:1    | Entered Level 1 of the Elven Halls
 18608 | Elf:1    | Reached XP level 15. HP: 79/89 MP: 37/39
 18633 | Elf:1    | Slain by a +1 heavy scimitar

Illustrated notes

Levels and vault maps discovered:
D:1:      sevenhm_arrival_forest_fort_small_3, layout_rooms,
          chequers_serial_rivers_room_b, minmay_misc_feat_five
D:2:      layout_loops_ring, dreamdust_ecumenical_altar_angels_and_demons,
          serial_shops, shop
D:3:      layout_basic, grunt_temple_overflow_open, minmay_misc_feat_iff
D:4:      layout_basic, nicolae_overflow_quartered_altars, serial_shops,
          nicolae_diamond_shop
D:5:      layout_loops_ring, lemuel_doored_altar, minmay_misc_feat_rows,
          dreamdust_wishing_well
D:6:      layout_loops_cross, fedhas_altar_fruit_tree,
          minmay_temple_entry_glass, uniq_pikel, uniq_blork_the_orc
D:7:      layout_basic, uniq_menkaure, uniq_joseph, uniq_crazy_yiuf_cottage
D:8:      layout_basic, nicolae_uskayaw_dance_hall, serial_demonic,
          serial_demonic_d, serial_demonic_a, serial_demonic_c,
          serial_demonic_c, nicolae_diode_quadrants
D:9:      layout_irregular_city, kennysheep_little_box, enter_bailey_4,
          minmay_between, uniq_harold
D:10:     layout_basic, nicolae_ru_awakened_eye
D:11:     layout_rooms, hellmonk_lair_entry_icy, serial_ice, serial_ice_j,
          serial_ice_m, serial_ice_o, serial_ice_c, serial_ice_g, serial_ice_f,
          guppyfry_shop_earth, uniq_psyche, uniq_lodul
D:12:     layout_roguey, nicolae_trove_entry_crossroad
Lair:1:   layout_small_grid
Lair:2:   gammafunk_boulding_lane, layout_small_grid, elwin_shoals_entry_rooms
Lair:3:   kb_forest_paths, layout_chaotic_city, spider_nest_entry_rubble
Lair:4:   layout_hall_layers, grunt_megastairs_3, lemuel_fruit_fields,
          uniq_rupert
Lair:5:   guppyfry_lair_end_dragon, layout_misc_corridors, wormcave,
          dpeg_slime_entry_enclosed
Orc:1:    layout_caves
Orc:2:    pf_orc_diabolical, layout_diamond_mine, uniq_azrael
Elf:1:    minmay_elf_arrival_plus, layout_loops_cross,
          kennysheep_underground_church

Skill      XL: |  1  2  3  4  5  6  7  8  9 10 11 12 13 14 |
---------------+-------------------------------------------+-----
Spellcasting   | 5 6 7 8 10 11 13 14 15 17 18 | 18.5
Conjurations   | 1 2 4 5 |  5.5
Necromancy     | 1 2 3 5 7 8 9 10 | 10.5
Armour         | 1 2 3 4 5 |  5.1
Dodging        | 1 3 5 6 7 8 9 |  9.7
Short Blades   | 1 2 3 4 5 |  5.4
Stealth        | 2 3 4 |  4.1
Poison Magic   | 1 2 3 4 5 6 7 |  7.2
Translocations | 3 4 |  4.1
Fire Magic     | 1 2 3 4 5 6 |  6.8
Air Magic      | 1 2 4 5 6 7 8 |  8.1
Transmutations | 1 3 |  3.1
Shields        | 2 |  2.5
Fighting       | 1 4 5 7 8 |  8.5
Earth Magic    | 1 3 5 6 |  6.8
Ice Magic      | 3 4 6 |  6.6
Throwing       | |  0.8
Invocations    | |  1.0
Evocations     | |  0.2

Action                     |  1- 3 |  4- 6 |  7- 9 | 10-12 | 13-15 || total
---------------------------+-------+-------+-------+-------+-------++-------
  Melee: Short sword       |    29 |       |       |       |       ||    29
         Rapier            |    27 |    41 |    73 |    45 |    52 ||   238
         Dagger            |       |       |    31 |    21 |       ||    52
         Scimitar          |       |       |       |       |    12 ||    12
  Throw: Dart              |       |    15 |       |     4 |       ||    19
         Boomerang         |       |       |       |     3 |     1 ||     4
   Cast: Apportation       |    29 |    15 |    13 |    50 |    37 ||   144
         Magic Dart        |    57 |    17 |    25 |    24 |    19 ||   142
         Vampiric Draining |     1 |    15 |    30 |    47 |    23 ||   116
         Blink             |       |     4 |     5 |    26 |     7 ||    42
         Poisonous Vapours |       |     9 |    97 |   189 |   212 ||   507
         Ignite Poison     |       |     2 |    41 |    93 |   111 ||   247
         Sticky Flame      |       |       |     1 |    26 |    17 ||    44
         Fireball          |       |       |       |    13 |     5 ||    18
         Freezing Cloud    |       |       |       |     7 |    34 ||    41
         Wereblood         |       |       |       |     3 |    18 ||    21
         Mephitic Cloud    |       |       |       |     3 |     8 ||    11
         Olgreb's Toxic Ra |       |       |       |       |     9 ||     9
  Evoke: Wand              |       |       |    16 |    10 |       ||    26
    Use: Scroll            |     1 |       |     2 |    16 |     7 ||    26
         Potion            |       |       |     1 |     4 |     3 ||     8
   Stab: Sleeping          |     2 |     6 |     5 |     6 |     3 ||    22
         Confused          |       |       |       |       |     3 ||     3
         Distracted        |       |       |       |       |     1 ||     1
 Armour: Robe              |    18 |    11 |    61 |    19 |       ||   109
         Steam dragon scal |       |       |       |    16 |       ||    16
         Troll leather arm |       |       |       |    14 |    47 ||    61
  Dodge: Dodged            |    36 |    34 |   122 |   148 |    93 ||   433
  Block: Buckler           |    12 |     8 |    42 |    59 |    25 ||   146
